 Dungeon Crawl Stone Soup version 0.21.1-1-g345015f (webtiles) character file.

1225 Kairos the Chopper (level 8, -2/91 HPs)
             Began as a Human Fighter on Mar 28, 2018.
             Was an Initiate of Qazlal.
             Killed from afar by Mirai's ghost (7 damage)
             ... with a magic dart
             ... on level 6 of the Dungeon.
             The game lasted 00:08:44 (5755 turns).

Kairos the Chopper (Human Fighter)                  Turns: 5755, Time: 00:08:45

Health: -2/91      AC:  4    Str: 22    XL:     8   Next: 76%
Magic:  9/9        EV:  9    Int: 12    God:    Qazlal [......]
Gold:   256        SH:  9    Dex: 15    Spells: 7/7 levels left

rFire    x . .     SeeInvis .   a - +0 war axe
rCold    + . .     Gourm    .   c - +0 shield
rNeg     . . .     Faith    .   v - +0 troll leather armour {Purgy}
rPois    .         Spirit   .   (no helmet)
rElec    .         Reflect  .   (no cloak)
rCorr    .         Harm     .   (no gloves)
MR       .....                  (no boots)
Stlth    ..........             k - amulet of rage
HPRegen  0.65/turn              e - +4 ring of intelligence
MPRegen  0.11/turn              p - ring of ice (curse)

@: berserking (expiring), heavily drained, very quick
A: no striking features
a: Renounce Religion, Evoke Berserk Rage


You were on level 6 of the Dungeon.
You worshipped Qazlal.
Qazlal was noncommittal.
You were very hungry.

You visited 1 branch of the dungeon, and saw 6 of its levels.

You collected 256 gold pieces.

Inventory:

Hand Weapons
 a - a +0 war axe (weapon)
 j - a +0 whip of venom
 x - a +0 morningstar
Armour
 b - a +0 scale mail
 c - a +0 shield (worn)
 v - a +0 troll leather armour (worn) {Purgy}
Jewellery
 e - a +4 ring of intelligence (left hand)
 k - an amulet of rage (around neck)
 n - an uncursed ring of protection from fire
 p - a cursed ring of ice (right hand)
 B - an uncursed amulet of regeneration
Scrolls
 i - a scroll of teleportation {unknown}
 l - 3 scrolls of fog {unknown}
 m - a scroll of blinking {unknown}
 r - a scroll of noise {unknown}
 t - a scroll of magic mapping {unknown}
 w - 3 scrolls of remove curse
 y - 2 scrolls of amnesia {unknown}
 z - a scroll of fear {unknown}
 C - a scroll of identify {unknown}
 D - a scroll of enchant armour {unknown}
Potions
 d - 2 potions of might
 g - a potion of haste {unknown}
 h - 2 potions of degeneration {unknown}
 o - 2 potions of lignification {unknown}
 q - a potion of magic {unknown}
 s - 2 potions of berserk rage {unknown}
 u - a potion of heal wounds {unknown}
 A - a potion of curing {unknown}
Comestibles
 f - 14 rations


   Skills:
 + Level 4.4(2.2) Fighting
 + Level 6.6(4.3) Axes
 + Level 4.2(2.0) Armour
 + Level 2.6(0.5) Dodging
 + Level 1.2(0.0) Stealth
 + Level 5.3(3.0) Shields
 + Level 2.1(0.1) Evocations


You had 7 spell levels left.
You didn't know any spells.

Dungeon Overview and Level Annotations

Branches:
Dungeon (6/15)
 Temple: D:4-7

Altars:
Qazlal
Ru
Zin

Annotations:
D:6 Mirai's ghost, novice DECj


Message History

Mirai's ghost is heavily damaged.
Mirai's ghost hits you but does no damage.
You feel drained.
You miss Mirai's ghost.
Mirai's ghost is heavily damaged.
Mirai's ghost gestures at you while chanting.
The magic dart hits you!
You hit Mirai's ghost but do no damage.
Mirai's ghost is heavily damaged.
Mirai's ghost barely misses you.
You barely miss Mirai's ghost.
Mirai's ghost is heavily damaged.
Mirai's ghost points at you and mumbles some strange words.
The magic dart hits you!
* * * LOW HITPOINT WARNING * * *
You slash Mirai's ghost!
Mirai's ghost is severely damaged.
Mirai's ghost points at you and mumbles some strange words.
The magic dart hits you!
You die...

####### ######.....###
.. ....+..$.....
#...##..#$....######
#................#
#@...........#
......W#...........#
.......#...........#####
...##..............##...
.. ..#.##..........##...
..#...#.(.......##...
#......#.....###.##...
.#.###....(..# #..'...
#. #.##....# ####...


You could see Mirai's ghost.

Vanquished Creatures
  Eustachio (D:5)
  Duvessa (D:5)
  Purgy (D:3)
  An ice beast (D:5)
  A phantom (D:4)
  The ghost of Mirai the Magician, an amateur DECj (D:3)
  Dowan (D:5)
  2 scorpions (D:5)
  A hound (D:5)
  A centaur zombie (D:5)
  3 orc wizards
  A centaur skeleton (D:5)
  2 iguanas (D:4)
  5 worker ants
  2 adders
  A shadow imp (D:4)
  5 worms
  6 dart slugs
  4 leopard geckos
  14 orcs
  11 giant cockroaches
  12 goblins
  9 hobgoblins
  2 quokkas
  2 ball pythons
  11 bats
  7 frilled lizards
  6 kobolds
  A quokka skeleton (D:5)
  12 rats
127 creatures vanquished.

Notes
Turn   | Place    | Note
-------+----------+-------------------------------------------
     0 | D:1      | Kairos the Human Fighter began the quest for the Orb.
     0 | D:1      | Reached XP level 1. HP: 18/18 MP: 1/1
    40 | D:1      | Reached XP level 2. HP: 22/24 MP: 2/2
   264 | D:1      | Reached XP level 3. HP: 29/29 MP: 3/3
   880 | D:2      | Reached XP level 4. HP: 20/35 MP: 4/4
   881 | D:2      | Reached skill level 3 in Axes
  1549 | D:3      | Reached skill level 1 in Dodging
  1700 | D:3      | Reached XP level 5. HP: 9/41 MP: 5/5
  1751 | D:3      | Noticed Mirai's ghost (amateur DECj)
  2019 | D:3      | Killed Mirai's ghost
  2077 | D:3      | Found a glowing silver altar of Zin.
  2149 | D:3      | Reached skill level 4 in Axes
  2427 | D:3      | Reached XP level 6. HP: 15/47 MP: 6/6
  3026 | D:3      | Noticed Purgy
  3033 | D:3      | Killed Purgy
  3033 | D:3      | Reached skill level 1 in Evocations
  3629 | D:4      | Reached XP level 7. HP: 9/52 MP: 8/8
  4137 | D:4      | Reached skill level 5 in Axes
  4403 | D:5      | Entered Level 5 of the Dungeon
  4522 | D:5      | Found a sacrificial altar of Ru.
  4578 | D:5      | Reached skill level 1 in Stealth
  4578 | D:5      | Reached XP level 8. HP: 52/60 MP: 9/9
  4600 | D:5      | Noticed Eustachio
  4720 | D:5      | Killed Eustachio
  4720 | D:5      | Reached skill level 6 in Axes
  4964 | D:5      | Found a stormy altar of Qazlal.
  5099 | D:5      | Noticed Dowan
  5100 | D:5      | Noticed Duvessa
  5114 | D:5      | Killed Dowan
  5114 | D:5      | Reached skill level 5 in Shields
  5116 | D:5      | Killed Duvessa
  5580 | D:5      | Became a worshipper of Qazlal Stormbringer
  5729 | D:6      | Noticed Mirai's ghost (novice DECj)
  5747 | D:6      | HP: 4/91 [Mirai's ghost/orb of energy (12)]
  5755 | D:6      | Killed from afar by Mirai's ghost

Skill      XL: |  1  2  3  4  5  6  7  8 |
---------------+-------------------------+-----
Axes           | 3 4 5 6 |  6.6
Dodging        | 1 2 |  2.6
Evocations     | 1 2 |  2.1
Armour         | 4 |  4.2
Shields        | 4 5 |  5.3
Stealth        | 1 |  1.2
Fighting       | 4 |  4.4

Action                   |  1- 3 |  4- 6 |  7- 9 || total
-------------------------+-------+-------+-------++-------
Melee: War axe           |   127 |   199 |   213 ||   539
 Abil: Evoke Berserk Rag |       |     2 |     2 ||     4
  Use: Scroll            |     1 |     1 |       ||     2
 Stab: Sleeping          |       |       |     2 ||     2
       Invisible         |       |       |     1 ||     1
       Paralysed         |       |       |     1 ||     1
  Eat: Chunk             |       |    11 |     8 ||    19
Armor: Scale mail        |    63 |    78 |       ||   141
       Troll leather arm |       |     5 |    52 ||    57
Dodge: Dodged            |    46 |    66 |    89 ||   201
Block: Shield            |    70 |   118 |   129 ||   317
